 Dungeon Crawl Stone Soup version 0.26-a0-52-gd53d4cd (webtiles) character file.

Game seed: 4451134578451072980

56 Faca the Skirmisher (level 3, -2/32 HPs)
             Began as a Barachi Fighter on June 6, 2020.
             Killed from afar by Natasha (10 damage)
             ... with a magic dart
             ... on level 2 of the Dungeon.
             The game lasted 00:02:24 (1507 turns).

Faca the Skirmisher (Barachi Fighter)               Turns: 1507, Time: 00:02:25

Health: -2/32      AC:  6    Str: 18    XL:     3   Next: 97%
Magic:  3/3        EV:  3    Int:  8    God:
Gold:   116        SH:  9    Dex: 11    Spells: 2/2 levels left

rFire    . . .     SeeInvis .   a - +0 long sword
rCold    . . .     Gourm    .   c - +0 kite shield
rNeg     . . .     Faith    .   b - +0 scale mail
rPois    .         Spirit   .   (no helmet)
rElec    .         Reflect  .   (no cloak)
rCorr    .         Harm     .   (no gloves)
MR       .....                  (no boots)
Stlth    ..........             (no amulet)
HPRegen  0.10/turn              n - -4 ring of evasion (curse)
MPRegen  0.08/turn              (no ring)

@: slowed, very slow
A: +LOS, swims, slowness 1, strong legs 1
a: Hop


You were on level 2 of the Dungeon.
You were not hungry.

You visited 1 branch of the dungeon, and saw 2 of its levels.

You collected 116 gold pieces.

Inventory:

Hand Weapons
 a - a +0 long sword (weapon)
Missiles
 o - 4 javelins (quivered)
Armour
 b - a +0 scale mail (worn)
 c - a +0 kite shield (worn)
Jewellery
 n - a cursed -4 ring of evasion (left hand)
Scrolls
 e - a scroll of random uselessness {unknown}
Potions
 d - a potion of might
 h - a potion of cancellation {unknown}
 i - 2 potions of mutation {unknown}
 j - a potion of degeneration {unknown}
 k - 3 potions of curing
 l - a potion of haste {unknown}
Comestibles
 f - 3 rations
 g - a chunk of flesh


   Skills:
 + Level 4.8 Fighting
 + Level 3.9 Long Blades
 - Level 3.6 Armour
 - Level 3.2 Shields


You had 2 spell levels left.
You didn't know any spells.
Your spell library was empty.

Dungeon Overview and Level Annotations

Branches:
Dungeon (2/15)

Altars:

Annotations:
D:2 Natasha


Innate Abilities, Weirdness & Mutations

You can be seen from farther away. (+LOS)
You can swim through water.
You cover ground slowly.
You can hop short distances.


Message History

You hit Natasha.
Natasha is lightly wounded.
Natasha claws you.
The crimson imp blinks!
Natasha mumbles some strange words.
Some of the chunks of flesh in your inventory have rotted away.
Your shield and scale mail prevent you from hitting Natasha.
Natasha is lightly wounded.
Natasha claws you.
Natasha stares at you and mumbles some strange words.
The magic dart hits you.
* * * LOW HITPOINT WARNING * * *
You block the crimson imp's attack.
You closely miss Natasha.
Natasha is lightly wounded.
The crimson imp blinks!
Natasha claws you but does no damage.
The crimson imp blinks!
Natasha mewls in sadness.
Natasha casts a spell at you. The magic dart hits you!
You die...

........# ........#
........# *#######
........# *......#
........###### *......#
.............# *......#
........####.# *<.....#
........####.####......#
........##...##.@h.....#
.................ยงยง.5..#
.......###.#####5......#
...........,,**#.......#
...######..*,,,........#
..## ***#.#,,,*...######
.##***,,..*,,,,....,,,,*
## *,,,###,,,,.##...,,,* #
**,*>,,,,,,*#**...,,,*


You could see Natasha and 2 crimson imps.

Vanquished Creatures
  2 adders (D:2)
  An ooze (D:1)
  A worm (D:2)
  A dart slug (D:1)
  A leopard gecko (D:1)
  A giant cockroach (D:1)
  7 hobgoblins
  3 kobolds (D:1)
  4 bats (D:1)
  3 frilled lizards
  4 goblins
  2 rats (D:1)
30 creatures vanquished.

Notes
Turn   | Place    | Note
-------+----------+-------------------------------------------
     0 | D:1      | Faca the Barachi Fighter began the quest for the Orb.
     0 | D:1      | Reached XP level 1. HP: 18/18 MP: 1/1
   309 | D:1      | Reached XP level 2. HP: 25/25 MP: 2/2
   319 | D:1      | Reached skill level 4 in Fighting
   775 | D:1      | Reached XP level 3. HP: 31/31 MP: 3/3
  1498 | D:2      | Noticed Natasha
  1507 | D:2      | Killed from afar by Natasha

Illustrated notes

Levels and vault maps discovered:
D:1:      lightli_arrival_chessboard, layout_basic
D:2:      layout_rooms, uniq_natasha

Skill      XL: |  1  2 |
---------------+-------+-----
Fighting       | 4 |  4.8
Long Blades    | 3 |  3.9
Armour         | |  3.6
Shields        | |  3.2

Action                   || total
-------------------------++-------
Melee: Long sword        ||   114
  Use: Scroll            ||     4
       Potion            ||     2
  Eat: Chunk             ||     2
Armor: Scale mail        ||    59
Dodge: Dodged            ||    31
Block: Kite shield       ||    48
       Rpst.: Long sword ||     7

Table legend:
 A = Non-vault XP
 B = Vault XP
 C = Vault XP percentage of total XP
 D = Non-vault monster count
 E = Vault monster count
 F = Vault count percentage of total count
                 A         B        C        D         E       F
            +---------+---------+-------+---------+---------+-------
      Total |      81 |       0 |   0.0 |      30 |       0 |   0.0
            +---------+---------+-------+---------+---------+-------
        D:1 |      44 |       0 |   0.0 |      23 |       0 |   0.0
        D:2 |      37 |       0 |   0.0 |       7 |       0 |   0.0
            +---------+---------+-------+---------+---------+-------
